 Dungeon Crawl Stone Soup version 0.31.0-11-ge490571c62 (webtiles) character file.

Game seed: 157757318872961066

310 qw the Shooter (level 6, -1/30 HPs)
             Began as a Spriggan Hunter on Feb 3, 2024.
             Slain by Natasha (8 damage)
             ... on level 4 of the Dungeon.
             The game lasted 00:00:13 (2514 turns).

qw the Shooter (Spriggan Hunter)                    Turns: 2514, Time: 00:00:14

Health: -1/30      AC:  2    Str:  7    XL:     6   Next: 17%
Magic:  7/7        EV: 21    Int: 10    God:
Gold:   135        SH:  5    Dex: 21    Spells: 5/5 levels left

rFire   . . .        a - +0 shortbow
rCold   . . .        (shield currently unavailable)
rNeg    . . .        c - +0 robe
rPois   .            (helmet restricted)
rElec   .            (no cloak)
rCorr   .            (gloves unavailable)
SInv    +            (boots unavailable)
Will    +....        e - amulet of reflection
Stlth   ++           (no ring)
HPRegen 0.25/turn    (no ring)
MPRegen 0.10/turn

%: reflection
@: very quick
A: very small, no large weapons, unfitting armour, see invisible, speed 3
a: no special abilities


You were on level 4 of the Dungeon.
You visited 1 branch of the dungeon, and saw 4 of its levels.

You collected 157 gold pieces.
You spent 22 gold pieces at shops.


Innate Abilities, Weirdness & Mutations

You are very small and have problems with some larger weapons.
You are too small for most types of armour.
You have supernaturally acute eyesight. (SInv)
You cover ground extremely quickly. (Speed+++)


   Skills:
 - Level 2.0 Fighting
 - Level 6.2 Ranged Weapons
 + Level 5.6 Dodging
 - Level 1.5 Stealth


You had 5 spell levels left.
You didn't know any spells.
Your spell library was empty.

Inventory:

Hand Weapons
 a - a +0 shortbow (weapon)
Armour
 c - a +0 robe (worn)
Jewellery
 e - an amulet of reflection (around neck)
Scrolls
 b - 3 scrolls of identify
Potions
 d - 3 potions of resistance
 h - 2 potions of curing

Dungeon Overview and Level Annotations

Branches:
Dungeon (4/15)
 Temple: D:4-7

Altars:
Ashenzari

Shops:
D:4 *

Annotations:
D:1 2 runed translucent doors
D:4 Natasha


Message History

The cerulean imp is severely wounded.
You block the cerulean imp's attack. Natasha closely misses you.
You shoot an arrow. The arrow hits Natasha.
You kill Natasha!
Natasha screams in fury as she dies!
The cerulean imp disappears in a puff of smoke!
You start resting.
Natasha, Servant of Life and Death comes into view.
2498 ||| FLEEEEING.
A kobold comes into view.
It is wielding a +0 whip and quivering poisoned darts.
2499 ||| FLEEEEING.
2500 ||| FLEEEEING.
2501 ||| FLEEEEING.
2502 ||| FLEEEEING.
Found a stone staircase leading up.
Enter note:
2503 ||| FLEEEEING.
You start resting.
Natasha is nearby!
2505 ||| FLEEEEING.
You start resting.
Natasha is nearby!
You shoot an arrow. The arrow closely misses Natasha.
You shoot an arrow. The arrow hits Natasha!
Natasha is heavily wounded.
Natasha mumbles some strange words.
You shoot an arrow. The arrow closely misses Natasha.
Natasha completely misses you.
You shoot an arrow. The arrow hits Natasha.
Natasha is heavily wounded.
You block Natasha's attack.
You shoot an arrow.
The arrow hits Natasha but does no damage.
Natasha is heavily wounded.
The cerulean imp hits you from afar with a +1 spear.
Natasha mumbles some strange words.
Enter note: You shoot an arrow.
The arrow closely misses Natasha.
The cerulean imp completely misses you. Natasha claws you!
You die...
Natasha curls up and begins to purr.

..........#.........#
#.....?..|........#+####
##....h.................#
.....h.........##........#
.?.............+.....>...+
...#...#.......#.........##
.. #####.##5...#...........
. #.##h...###.......#.
#..@.....##......#.#
#..5.........%(.#...
#..............#).\.
#...............#.|.
#.#.#####...^....#)# #..<.
...........#. ###..
..#####..#.## '..
...+......#.##
....#......#.##


You could see Natasha and 2 cerulean imps.

Vanquished Creatures
  A phantom (D:4)
  2 bombardier beetles (D:4)
  Natasha (D:4)
  5 adders
  6 dart slugs
  2 ribbon worms
  4 orcs (D:4)
  8 endoplasms
  3 giant cockroaches (D:1)
  7 goblins
  5 hobgoblins
  4 jackals (D:2)
  4 kobolds
  3 quokkas
  7 ball pythons
  7 bats
  5 frilled lizards
  5 rats
79 creatures vanquished.

Notes
Turn   | Place    | Note
-------+----------+-------------------------------------------
     0 | D:1      | qw the Spriggan Hunter began the quest for the Orb.
     0 | D:1      | Reached XP level 1. HP: 10/10 MP: 2/2
     0 | D:1      | 0 ||| qw: Version: 0.3-a-158-g18b3111
     0 | D:1      | 0 ||| qw: Game counter: 4140
     0 | D:1      | 0 ||| qw: Melee chars always use a shield: true
     0 | D:1      | 0 ||| qw: God list: Okawaru
     0 | D:1      | 0 ||| qw: Allow faded altars: false
     0 | D:1      | 0 ||| qw: Do Orc after clearing Dungeon:15 true
     0 | D:1      | 0 ||| qw: Do second Lair branch before Depths: true
     0 | D:1      | 0 ||| qw: Lair rune preference: random
     0 | D:1      | 0 ||| qw: Goals: Normal
     0 | D:1      | 0 ||| PLANNING D:1-11
    35 | D:1      | Reached skill level 3 in Dodging
    62 | D:1      | Found a large runed translucent door.
    62 | D:1      | Found a large runed translucent door.
   101 | D:1      | Reached XP level 2. HP: 14/14 MP: 3/3
   432 | D:1      | Reached XP level 3. HP: 16/18 MP: 4/4
   927 | D:1      | 927 ||| UPGRADING to amulet of reflection.
   932 | D:1      | 932 ||| DROPPING scroll of butterflies.
  1099 | D:2      | Found a faded altar of an unknown god.
  1134 | D:2      | Reached skill level 5 in Ranged Weapons
  1302 | D:2      | Reached XP level 4. HP: 22/22 MP: 5/5
  1375 | D:2      | 1375 ||| READING 3 scrolls labelled RIEHABR QIFAY.
  1375 | D:2      | 1375 ||| IDENTIFYING metallic ruby potion
  1376 | D:2      | 1376 ||| READING 2 scrolls of identify.
  1376 | D:2      | 1376 ||| IDENTIFYING 3 yellow potions
  1377 | D:2      | 1377 ||| DROPPING potion of brilliance.
  1653 | D:3      | Found a broken altar of Ashenzari.
  2129 | D:3      | 2129 ||| DROPPING amulet of the acrobat.
  2130 | D:3      | 2130 ||| READING 2 scrolls of identify.
  2130 | D:3      | 2130 ||| IDENTIFYING puce potion
  2131 | D:3      | 2131 ||| READING scroll of identify.
  2131 | D:3      | 2131 ||| IDENTIFYING 2 black potions
  2132 | D:3      | 2132 ||| READING scroll labelled DONOAMMAMOY.
  2133 | D:3      | 2133 ||| DROPPING potion of magic.
  2194 | D:4      | Found Zuiso's General Store.
  2201 | D:4      | Noticed a phantom
  2208 | D:4      | Noticed Natasha
  2209 | D:4      | 2209 ||| RETREEEEATING.
  2210 | D:4      | 2210 ||| RETREEEEATING.
  2211 | D:4      | 2211 ||| RETREEEEATING.
  2212 | D:4      | 2212 ||| RETREEEEATING.
  2213 | D:4      | 2213 ||| RETREEEEATING.
  2214 | D:4      | 2214 ||| RETREEEEATING.
  2215 | D:4      | 2215 ||| RETREEEEATING.
  2216 | D:4      | 2216 ||| RETREEEEATING.
  2217 | D:4      | 2217 ||| RETREEEEATING.
  2218 | D:4      | 2218 ||| RETREEEEATING.
  2219 | D:4      | 2219 ||| RETREEEEATING.
  2220 | D:4      | 2220 ||| RETREEEEATING.
  2222 | D:4      | 2222 ||| RETREEEEATING.
  2223 | D:4      | 2223 ||| RETREEEEATING.
  2227 | D:4      | 2227 ||| RETREEEEATING.
  2228 | D:4      | 2228 ||| RETREEEEATING.
  2236 | D:4      | 2236 ||| RETREEEEATING.
  2237 | D:4      | 2237 ||| RETREEEEATING.
  2238 | D:4      | 2238 ||| RETREEEEATING.
  2240 | D:4      | Killed a phantom
  2241 | D:4      | Reached XP level 5. HP: 8/26 MP: 6/6
  2245 | D:4      | HP: 6/26 [orc/+0 short sword (4)]
  2252 | D:4      | HP: 6/26 [orc/+0 short sword (1)]
  2270 | D:4      | Reached skill level 6 in Ranged Weapons
  2273 | D:4      | HP: 6/26 [bombardier beetle (3)]
  2277 | D:4      | Reached XP level 6. HP: 8/30 MP: 7/7
  2366 | D:4      | 2366 ||| BUYING scroll of identify (22 gold).
  2366 | D:4      | Bought a scroll of identify for 22 gold pieces
  2465 | D:4      | HP: 5/30 [cerulean imp/+3 spear[Natasha] (5)]
  2465 | D:4      | HP: 2/30 [Natasha (3)]
  2467 | D:4      | Killed Natasha
  2497 | D:4      | Noticed Natasha
  2498 | D:4      | 2498 ||| FLEEEEING.
  2499 | D:4      | 2499 ||| FLEEEEING.
  2500 | D:4      | 2500 ||| FLEEEEING.
  2501 | D:4      | 2501 ||| FLEEEEING.
  2502 | D:4      | 2502 ||| FLEEEEING.
  2503 | D:4      | 2503 ||| FLEEEEING.
  2505 | D:4      | 2505 ||| FLEEEEING.
  2513 | D:4      | HP: 7/30 [cerulean imp/+1 spear[Natasha] (6)]
  2514 | D:4      | Slain by Natasha

Levels and vault maps discovered:
D:1:      erik_arrival_cave_to_civilisation [erik_arrival_cave_to_temple],
          layout_loops_ring, serial_glass, glass_columns_b, glass_columns_a
D:2:      layout_rooms, shapermc_ecumenical_altar_pompeii
D:3:      layout_basic, evilmike_ruin_ashenzari, chequers_mini_garden
D:4:      layout_basic, dk_yredelemnul_ordeal,
          chequers_temple_overflow_minitemple, serial_shops,
          nicolae_diamond_shop, uniq_natasha, uniq_pikel, uniq_grinder

Skill      XL: |  1  2  3  4  5 |
---------------+----------------+-----
Dodging        | 3 4 5 |  5.6
Ranged Weapons | 5 6 |  6.2
Fighting       | 2 |  2.0
Stealth        | |  1.5

Action                     |  1- 3 |  4- 6 || total
---------------------------+-------+-------++-------
   Fire: Shortbow          |   128 |   120 ||   248
    Use: Scroll            |       |     5 ||     5
 Armour: Robe              |    14 |    24 ||    38
  Dodge: Dodged            |    70 |    45 ||   115
  Block: Other             |     7 |    15 ||    22

Table legend:
 A = Non-vault XP
 B = Vault XP
 C = Vault XP percentage of total XP
 D = Non-vault monster count
 E = Vault monster count
 F = Vault count percentage of total count
                 A         B        C        D         E       F
            +---------+---------+-------+---------+---------+-------
      Total |     405 |      38 |   8.6 |      76 |       3 |   3.8
            +---------+---------+-------+---------+---------+-------
        D:1 |      45 |       3 |   6.2 |      26 |       2 |   7.1
        D:2 |      52 |       0 |   0.0 |      21 |       0 |   0.0
        D:3 |      73 |       0 |   0.0 |      18 |       0 |   0.0
        D:4 |     235 |      35 |  13.0 |      11 |       1 |   8.3
            +---------+---------+-------+---------+---------+-------
